 Dungeon Crawl Stone Soup version 0.24.0-123-gd5b16e6ec5 (webtiles) character file.

Game seed: 17587704393817026927, levelgen mode: deterministic

1294 Bergy the Basher (level 8, 0/46 HPs)
             Began as a Gargoyle Fighter on Dec 30, 2019.
             Was a Plaything of Xom.
             Slain by an orc warrior
             ... wielding a +0 hand axe
              (12 damage)
             ... on level 7 of the Dungeon.
             The game lasted 00:19:42 (5865 turns).

Bergy the Basher (Gargoyle Fighter)                 Turns: 5865, Time: 00:19:42

Health: 0/46       AC: 12    Str: 21    XL:     8   Next: 56%
Magic:  8/8        EV:  7    Int: 10    God:    Xom [..*...]
Gold:   418        SH:  9    Dex:  9    Spells: 7/7 levels left

rFire    . . .     SeeInvis .   a - +0 flail
rCold    . . .     Gourm    .   c - +0 shield
rNeg     + . .     Faith    .   b - +0 scale mail
rPois    ∞         Spirit   .   (no helmet)
rElec    +         Reflect  .   (no cloak)
rCorr    .         Harm     .   (no gloves)
MR       .....                  (no boots)
Stlth    ..........             (no amulet)
HPRegen  0.15/turn              (no ring)
MPRegen  0.11/turn              (no ring)

@: no status effects
A: negative energy resistance 1, electricity resistance, unbreathing,
petrification resistance, rot immunity, AC +5
a: Renounce Religion


You were on level 7 of the Dungeon.
You worshipped Xom.
You were a toy of Xom.
You were very hungry.

You visited 1 branch of the dungeon, and saw 7 of its levels.

You collected 418 gold pieces.

Inventory:

Hand Weapons
 a - a +0 flail (weapon)
 e - a +2 mace of holy wrath
Armour
 b - a +0 scale mail (worn)
 c - a +0 shield (worn)
Jewellery
 y - a cursed ring of attention {unknown}
Wands
 s - a wand of enslavement (5)
 w - a wand of flame (7)
Scrolls
 g - 10 scrolls of teleportation
 h - a scroll of blinking {unknown}
 j - 2 scrolls of enchant armour {unknown}
 m - 2 scrolls of remove curse {unknown}
 n - a scroll of magic mapping {unknown}
 t - 2 scrolls of fear
Potions
 d - 3 potions of might
 i - 5 potions of mutation
 k - 5 potions of curing
 l - a potion of heal wounds
 o - a potion of brilliance {unknown}
 p - 2 potions of berserk rage {unknown}
 q - 2 potions of resistance
 r - 2 potions of flight {unknown}
 u - 2 potions of lignification {unknown}
 v - a potion of magic {unknown}
 x - 4 potions of haste {unknown}
Comestibles
 f - 6 rations


   Skills:
 - Level 3.2 Fighting
 * Level 10.2 Maces & Flails
 - Level 3.2 Armour
 - Level 3.2 Shields


You had 7 spell levels left.
You didn't know any spells.
Your spell library was empty.

Dungeon Overview and Level Annotations

Branches:
Dungeon (7/15)
 Temple: D:4-7

Altars:
Ashenzari
Cheibriados
Elyvilon
Fedhas
Ru
Vehumet
Wu Jian
Xom

Shops:
D:4 :


Innate Abilities, Weirdness & Mutations

You are resistant to torment.
Your stone body is resilient. (AC +5)
You are immune to poison.
You resist negative energy. (rN+)
You are resistant to electric shocks. (rElec)
You can survive without breathing.
You are immune to petrification.
You are immune to rotting.


Message History

The orc warrior barely misses you.
You hit the orc warrior.
The orc warrior is almost dead.
The orc warrior hits you with a +0 hand axe!
You die... "That's my toy, go get your own!"
Xom revives you!
You feel much better.
You are feeling very hungry.
The orc warrior hits you but does no damage.
You hit the orc warrior.
The orc warrior is almost dead.
Your shield and scale mail prevent you from hitting the orc warrior.
The orc warrior is almost dead.
The orc warrior hits you with a +0 hand axe!
* * * LOW HITPOINT WARNING * * *
You hit the orc warrior but do no damage.
The orc warrior is almost dead.
The orc warrior hits you with a +0 hand axe!
You die...

.......# #......#
#......# +......#
#......# #......#
##+#......# #.)#......#
......#.@o......#
....##.†#......#
....##..#......#
....#..#......#
#...#..#......# .
#..##..#......# ..
##..##..#......# ...
#...###'#......#####....
#..<'...#............#


You could see an orc warrior.

Vanquished Creatures
  An ogre (D:6)
  A necrophage (D:6)
  A centaur (D:6)
  2 scorpions (D:5)
  3 howler monkeys
  An electric eel (D:6)
  A crimson imp (D:5)
  A bullfrog zombie (D:5)
  A jelly (D:6)
  2 hounds (D:6)
  An orc wizard (D:3)
  3 orc priests
  A centaur skeleton (D:5)
  2 iguanas
  Ijyb (D:3)
  A worker ant (D:5)
  A hound skeleton (D:4)
  4 gnolls (D:5)
  15 adders
  A howler monkey skeleton (D:4)
  A shadow imp (D:2)
  2 adder zombies (D:5)
  4 worms
  4 dart slugs (D:1)
  3 leopard geckos
  22 orcs
  8 bats
  5 giant cockroaches
  8 goblins
  15 hobgoblins
  12 jackals
  5 quokkas
  3 ball pythons
  A ball python zombie (D:6)
  12 frilled lizards
  A jackal skeleton (D:6)
  8 kobolds
  A leopard gecko skeleton (D:6)
  A quokka skeleton (D:4)
  7 rats
167 creatures vanquished.

Vanquished Creatures (collateral kills)
  A worker ant (D:5)
1 creature vanquished.

Vanquished Creatures (others)
  A fungus (D:2)
  4 plants
5 creatures vanquished.

Grand Total: 173 creatures vanquished

Notes
Turn   | Place    | Note
-------+----------+-------------------------------------------
     0 | D:1      | Bergy the Gargoyle Fighter began the quest for the Orb.
     0 | D:1      | Reached XP level 1. HP: 14/14 MP: 1/1
   133 | D:1      | Reached XP level 2. HP: 18/19 MP: 2/2
   182 | D:1      | Reached skill level 3 in Maces & Flails
   337 | D:1      | Reached XP level 3. HP: 19/23 MP: 3/3
   719 | D:2      | Found a shattered altar of Ashenzari.
   724 | D:2      | Saw a vision of the Swamp and the Snake Pit.
   724 | D:2      | Noticed a nagaraja
   724 | D:2      | Noticed a naga
   724 | D:2      | Noticed a black mamba
   724 | D:2      | Noticed a naga ritualist
   724 | D:2      | Noticed a black mamba
   724 | D:2      | Noticed a black mamba
   724 | D:2      | Noticed a naga warrior
   724 | D:2      | Noticed a naga
   725 | D:2      | Noticed a mana viper
   726 | D:2      | Noticed an alligator
   896 | D:2      | Reached skill level 4 in Maces & Flails
  1069 | D:2      | Reached XP level 4. HP: 19/28 MP: 4/4
  1645 | D:2      | Found a sacrificial altar of Ru.
  1652 | D:2      | Found a radiant altar of Vehumet.
  1652 | D:2      | Found a shimmering altar of Xom.
  1653 | D:2      | Found an ornate altar of the Wu Jian Council.
  1655 | D:2      | Found a snail-covered altar of Cheibriados.
  1688 | D:2      | Became a worshipper of Xom of Many Doors
  1921 | D:2      | Reached skill level 5 in Maces & Flails
  1921 | D:2      | Reached XP level 5. HP: 31/32 MP: 5/5
  2345 | D:3      | XOM: divination: detect items
  2357 | D:3      | Reached skill level 6 in Maces & Flails
  2368 | D:3      | Reached XP level 6. HP: 25/37 MP: 6/6
  2481 | D:3      | XOM: mild Erth miscast
  2536 | D:3      | Noticed Ijyb
  2563 | D:3      | Killed Ijyb
  2771 | D:3      | Found a blossoming altar of Fedhas.
  2773 | D:3      | XOM: harmless Summ miscast
  2800 | D:3      | Found a faded altar of an unknown god.
  3008 | D:4      | XOM: divination: magic mapping
  3025 | D:4      | Found Sores's Book Emporium.
  3033 | D:4      | XOM: cast spell 'Olgreb's Toxic Radiance'
  3043 | D:4      | Reached skill level 7 in Maces & Flails
  3068 | D:4      | XOM: harmless Tloc miscast
  3079 | D:4      | XOM is BORED!
  3079 | D:4      | XOM: medium Air miscast
  3399 | D:4      | XOM: enchant monster (bad)
  3418 | D:4      | XOM: divination: magic mapping
  3425 | D:4      | Reached XP level 7. HP: 38/41 MP: 7/7
  3606 | D:5      | Entered Level 5 of the Dungeon
  3615 | D:5      | XOM: harmless Tmut miscast
  3683 | D:5      | XOM: butterfly on damage
  3699 | D:5      | XOM: confuse monster(s)
  3722 | D:5      | XOM: god gift: 26 gold pieces
  3929 | D:5      | Found a white marble altar of Elyvilon.
  3974 | D:5      | Reached skill level 8 in Maces & Flails
  4028 | D:5      | XOM: enchant monster (good)
  4370 | D:5      | Reached skill level 9 in Maces & Flails
  4370 | D:5      | Reached XP level 8. HP: 39/46 MP: 8/8
  4522 | D:5      | XOM: summons 4 hostile demons
  4559 | D:5      | XOM: polymorph white imp -> iron imp
  5042 | D:6      | Found a shattered altar of Ashenzari.
  5107 | D:6      | XOM: 1-stop teleportation journey
  5283 | D:6      | XOM: mild Pois miscast
  5335 | D:6      | XOM: harmless Chrm miscast
  5404 | D:6      | Reached skill level 10 in Maces & Flails
  5505 | D:6      | XOM: mild Conj miscast
  5827 | D:7      | XOM: enchant monster (bad)
  5837 | D:7      | XOM: harmless Pois miscast
  5861 | D:7      | Xom revived you
  5865 | D:7      | Slain by an orc warrior

Levels and vault maps discovered:
D:1:      giann_wishing_wells, layout_loops_ring
D:2:      layout_loops_corners, minitemple, grunt_ashenzari_visionary
          [grunt_ashenzari_visionary_swamp, grunt_ashenzari_visionary_snake]
D:3:      layout_rooms, fedhas_altar_1, chequers_ecumenical_altar_simple_redux,
          uniq_ijyb
D:4:      layout_basic, serial_shops, shop
D:5:      layout_basic, old_standard_altar, first_ration,
          kennysheep_big_empty_room
D:6:      layout_rooms, basic_altar, serial_bayou_lagoon_a
D:7:      layout_gridville, amethyst_overflow_temple_binary,
          minmay_temple_entry_overgrown, serial_shops, shop_scrolls, shop, shop,
          shop, nicolae_shop_stone, the_bakery, minmay_misc_feat_tower

Skill      XL: |  1  2  3  4  5  6  7  8 |
---------------+-------------------------+-----
Maces & Flails | 3 4 5 6 7 9 10 | 10.2
Fighting       | |  3.2
Armour         | |  3.2
Shields        | |  3.2

Action                   |  1- 3 |  4- 6 |  7- 9 || total
-------------------------+-------+-------+-------++-------
Melee: Flail             |   141 |   369 |   267 ||   777
  Use: Scroll            |       |     5 |     6 ||    11
       Potion            |       |       |     3 ||     3
  Eat: Chunk             |     1 |     7 |     5 ||    13
       Ration            |       |       |     1 ||     1
Armor: Scale mail        |    81 |   207 |    99 ||   387
Dodge: Dodged            |    36 |   125 |    65 ||   226
Block: Shield            |    70 |   202 |    99 ||   371
